 Dungeon Crawl Stone Soup version 0.18.1-5-g4a78601 (webtiles) character file.

212 imganon the Chopper (level 5, 0/61 HPs)
             Began as a Demonspawn Berserker on May 11, 2016.
             Was a Priest of Trog.
             Slain by Crazy Yiuf
             ... wielding a +4 quarterstaff of chaos
              (3 damage)
             ... on level 3 of the Dungeon.
             The game lasted 00:03:28 (2171 turns).

imganon the Chopper (Demonspawn Berserker)          Turns: 2171, Time: 00:03:29

Health: 0/61       AC:  9    Str: 23    XL:     5   Next: 58%
Magic:  5/5        EV:  9    Int:  8    God:    Trog [***...]
Gold:   209        SH:  0    Dex: 13    Spells: 0 memorised, 4 levels left

rFire  . . .     SeeInvis .     a - +0 hand axe
rCold  . . .     Gourm    .     t - +0 chain mail
rNeg   . . .     Faith    .     (no shield)
rPois  .         Spirit   .     (no helmet)
rElec  .         Dismiss  .     (no cloak)
rCorr  .         Reflect  .     (no gloves)
SustAt .         Harm     .     h - +0 pair of boots
MR     .....                    (no amulet)
Stlth  ..........               (no ring)
                                g - ring of flight

@: berserking, very quick, not resistant to hostile enchantments, extremely
unstealthy
A: spiny 1, rot immunity, sturdy frame 1
a: Berserk, Trog's Hand, Burn Spellbooks, Renounce Religion, Evoke Flight


You were on level 3 of the Dungeon.
You worshipped Trog.
Trog was most pleased with you.
You were hungry.

You visited 1 branch of the dungeon, and saw 3 of its levels.

You collected 209 gold pieces.

Inventory:

Hand Weapons
 a - a +0 hand axe (weapon)
Armour
 h - a +0 pair of boots (worn)
 t - a +0 chain mail (worn)
Jewellery
 g - a ring of flight (left hand)
Scrolls
 b - 2 scrolls of recharging {unknown}
 e - 2 scrolls of teleportation {unknown}
 f - a scroll of identify {unknown}
 i - 2 scrolls of remove curse {unknown}
 j - a scroll of amnesia {unknown}
 k - a scroll of random uselessness {unknown}
 m - a scroll of immolation {unknown}
 p - 4 scrolls of enchant armour {unknown}
Potions
 d - 3 potions of ambrosia {unknown}
 n - a potion of cancellation {unknown}
 o - a potion of haste
 q - 3 potions of heal wounds {unknown}
 s - a potion of curing {unknown}
Comestibles
 c - 3 bread rations
 l - a meat ration
 u - a beef jerky


   Skills:
 - Level 3.0 Fighting
 + Level 5.8 Axes
 - Level 1.7 Armour
 - Level 1.7 Dodging


You had 4 spell levels left.
You didn't know any spells.

Dungeon Overview and Level Annotations

Branches:
Dungeon (3/15)

Altars:
Okawaru
Xom
Zin

Annotations:
D:3 Crazy Yiuf


Innate Abilities, Weirdness & Mutations

You are partially covered in sharp spines.
You are immune to rotting.
Your movements are slightly less encumbered by armour (ER -2).


Message History

Crazy Yiuf is heavily wounded.
Crazy Yiuf hits you but does no damage.
Crazy Yiuf hits you with a quarterstaff of chaos!
* * * LOW HITPOINT WARNING * * *
Unknown command.
You're too hungry to go berserk.
You are too injured to fight recklessly!
Unknown command.
You're too hungry to go berserk.
Eat which item? (? for menu, Esc to quit)
Crazy Yiuf hits you with a quarterstaff of chaos.
* * * LOW HITPOINT WARNING * * *
Crazy Yiuf burns you.
* * * LOW HITPOINT WARNING * * *
That dragonfruit was delicious!
A red film seems to cover your vision as you go berserk!
You feel yourself moving faster!
You feel mighty!
You are feeling hungry.
Crazy Yiuf hits you with a quarterstaff of chaos.
You die...

####.######.
#....)).....
####.#......
#####
#.#.####.
#..)#
#.#...#..
#...#
#.....^..
...
#........
#g#
#........
♣♣@♣
#........
♣.♣♣
#.....###
♣♣.♣
#.....#.(
♣.♣♣
#.<#..#.)
♣♣.♣♣
#..#..###
♣...♣♣
####......P.
♣PP.P♣
#..........†
#....#
#.###.......
#....# ####
#.....#)


You could see Crazy Yiuf.

Vanquished Creatures
  Natasha (thrice) (D:3)
  Terence (D:3)
  3 gnolls (D:3)
  2 adders (D:3)
  3 worms
  A dart slug (D:2)
  2 giant geckos (D:2)
  3 orcs (D:3)
  3 giant cockroaches
  7 goblins
  4 hobgoblins
  6 bats
  A giant newt (D:1)
  12 kobolds
  5 rats
56 creatures vanquished.

Notes
Turn   | Place    | Note
--------------------------------------------------------------
     0 | D:1      | imganon the Demonspawn Berserker began the quest for the Orb.
     0 | D:1      | Reached XP level 1. HP: 18/18 MP: 1/1
   216 | D:1      | Reached skill level 3 in Axes
   279 | D:1      | Gained mutation: You are partially covered in sharp spines. [demonic ancestry]
   279 | D:1      | Reached XP level 2. HP: 24/24 MP: 2/2
   916 | D:2      | Found a shimmering altar of Xom.
   918 | D:2      | Found a shimmering altar of Xom.
   920 | D:2      | Found a shimmering altar of Xom.
   921 | D:2      | Found a shimmering altar of Xom.
   921 | D:2      | Found a shimmering altar of Xom.
   924 | D:2      | Reached ** piety under Trog
   999 | D:2      | Gained mutation: Your movements are slightly less encumbered by armour (ER -2). [demonic ancestry]
   999 | D:2      | Reached XP level 3. HP: 19/29 MP: 3/3
  1255 | D:2      | Reached skill level 4 in Axes
  1277 | D:2      | Found an iron altar of Okawaru.
  1519 | D:3      | Gained mutation: You are immune to rotting. [demonic ancestry]
  1519 | D:3      | Reached XP level 4. HP: 18/35 MP: 4/4
  1702 | D:3      | Noticed Terence
  1710 | D:3      | Killed Terence
  1808 | D:3      | Reached skill level 5 in Axes
  1923 | D:3      | Noticed Natasha
  1931 | D:3      | Killed Natasha
  1931 | D:3      | Reached XP level 5. HP: 29/41 MP: 5/5
  1948 | D:3      | Noticed Natasha
  1955 | D:3      | Killed Natasha
  2039 | D:3      | Found a glowing silver altar of Zin.
  2111 | D:3      | Noticed Natasha
  2117 | D:3      | Killed Natasha
  2117 | D:3      | Reached *** piety under Trog
  2161 | D:3      | Noticed Crazy Yiuf
  2170 | D:3      | HP: 2/41 [Crazy Yiuf/quarterstaff of chaos (2)]
  2171 | D:3      | Slain by Crazy Yiuf

Skill      XL: |  1  2  3  4 |
---------------+-------------+-----
Axes           | 3 4 5 |  5.8
Fighting       | |  3.0
Armour         | |  1.7
Dodging        | |  1.7

Action                   |  1- 3 |  4- 6 || total
-------------------------+-------+-------++-------
Melee: Hand axe          |    71 |    44 ||   115
Invok: Berserk           |       |     2 ||     2
  Eat: Chunk             |     1 |     3 ||     4
       Fruit             |       |     1 ||     1
Armor: Chain mail        |    17 |    14 ||    31
       Animal skin       |     2 |       ||     2
Dodge: Dodged            |    27 |    15 ||    42
